 Dungeon Crawl Stone Soup version 0.18-a0-1782-gb76a692 (webtiles) character file.

3349 untiedstates the Carver (level 10, -3/72 HPs)
             Began as a Human Gladiator on Apr 18, 2016.
             Was a Believer of Okawaru.
             Slain by a yak (6 damage)
             ... on level 9 of the Dungeon.
             The game lasted 00:17:41 (9811 turns).

untiedstates the Carver (Human Gladiator)           Turns: 9811, Time: 00:17:41

Health: -3/72      AC:  9    Str: 18    XL:     10   Next: 22%
Magic:  0/10       EV: 12    Int:  8    God:    Okawaru [**....]
Gold:   508        SH:  6    Dex: 18    Spells: 0 memorised, 9 levels left

rFire  x . .     SeeInvis +     a - +0 long sword
rCold  . . .     Gourm    .     u - +0 ring mail
rNeg   . . .     Faith    .     e - +1 buckler
rPois  +         Spirit   +     c - +0 helmet
rElec  .         Dismiss  .     E - +0 cloak
rCorr  .         Reflect  .     (no gloves)
SustAt .         Harm     .     l - +0 pair of boots
MR     +....                    b - amulet of guardian spirit
Stlth  +.........               C - ring of protection from magic
                                B - ring of the Moon {rPois rF- Str+3 SInv}

@: somewhat resistant to hostile enchantments, very unstealthy
A: no striking features
a: Heroism, Renounce Religion


You were on level 9 of the Dungeon.
You worshipped Okawaru.
Okawaru was pleased with you.
You were near starving.

You visited 2 branches of the dungeon, and saw 10 of its levels.

You collected 508 gold pieces.

Inventory:

Hand Weapons
 a - a +0 long sword (weapon)
 q - a +0 blowgun
Missiles
 s - 7 poisoned needles
Armour
 c - a +0 helmet (worn)
 e - a +1 buckler (worn)
 l - a +0 pair of boots (worn)
 u - a +0 ring mail (worn)
 E - a +0 cloak (worn)
 G - a troll hide
Jewellery
 b - an amulet of guardian spirit (around neck)
 B - the ring of the Moon (left hand) {rPois rF- Str+3 SInv}
   (You found it on level 6 of the Dungeon)

   [ring of see invisible]

   It affects your strength (+3).
   It makes you vulnerable to fire.
   It protects you from poison.
   It lets you see invisible.
 C - a ring of protection from magic (right hand)
Wands
 d - a wand of polymorph (6/24)
 k - a wand of enslavement (11/24)
 m - a wand of flame (22/48)
 t - a wand of lightning (9/15)
 v - a wand of lightning (8/15)
Scrolls
 g - 2 scrolls of teleportation
 n - a scroll of remove curse
 y - a scroll of fog
Potions
 h - a potion of invisibility {unknown}
 i - a potion of flight
 p - 2 potions of degeneration {unknown}
 r - a potion of brilliance {unknown}
 w - a potion of lignification {unknown}
 x - a potion of ambrosia
 z - 2 potions of agility {unknown}
 A - a potion of mutation {unknown}
 D - a potion of cure mutation {unknown}
 F - a potion of curing
Comestibles
 f - 5 bread rations
 j - 2 meat rations


   Skills:
 + Level 4.2 Fighting
 * Level 11.6 Long Blades
 - Level 2.0 Throwing
 - Level 5.2 Armour
 - Level 3.0 Dodging
 - Level 4.0 Shields


You had 9 spell levels left.
You didn't know any spells.

Dungeon Overview and Level Annotations

Branches:
Dungeon (9/15)             Temple (1/1) D:6
   Lair: D:8-11         Orc: D:9-12

Altars:
Ashenzari
Cheibriados
Dithmenos
Elyvilon
Fedhas
Gozag
Kikubaaqudgha
Makhleb
Nemelex Xobeh
Okawaru
Pakellas
Qazlal
Ru
Sif Muna
Trog
Vehumet
Xom
Yredelemnul
Zin
The Shining One


Message History

You barely miss the yak.
The yak is heavily wounded.
The yak gores you!
* * * LOW HITPOINT WARNING * * *
You hit the yak.
The yak is heavily wounded.
You hit the yak.
The yak is heavily wounded.
You block the yak's attack.
You hit the yak.
The yak is severely wounded.
The yak gores you!
* * * LOW HITPOINT WARNING * * *
You hit the yak but do no damage.
The yak is severely wounded.
The yak gores you but does no damage.
You slash the yak!
The yak is almost dead.
The yak gores you!
You die...

#.#.........#...#...............#
#.#.........#...#...............#
#.'.........##'##....########...#
#.#..................# #...#
#.#...............#### #...#
#.###.............# . #...#
....#.............# ... #####
....###############Y..$.
................@YYY....
................###y....
................# >..
#...............# .
######..).......# #......#####
########


You could see 4 yaks and a killer bee.

Vanquished Creatures
  A troll (D:9)
  A steam dragon (D:7)
  A hungry ghost (D:9)
  A hippogriff (D:8)
  A sky beast (D:7)
  An orc warrior (D:7)
  3 necrophages
  An ice beast (D:9)
  2 ogres
  2 centaurs
  A crocodile (D:7)
  A big kobold (D:9)
  A giant frog (D:9)
  A gnoll sergeant (D:9)
  A scorpion (D:4)
  A water moccasin skeleton (D:8)
  2 wights
  3 jellies (D:8)
  A crimson imp (D:9)
  2 howler monkeys
  A quasit (D:7)
  A giant frog zombie (D:7)
  3 orc priests
  A hound (D:4)
  3 iron imps (D:7)
  2 giant frog skeletons
  5 worker ants
  Terence (D:2)
  4 iguanas
  11 orc wizards
  A hound zombie (D:9)
  A hound skeleton (D:5)
  3 mummies (D:7)
  A howler monkey zombie (D:8)
  A worker ant zombie (D:7)
  9 gnolls
  6 adders
  2 shadow imps (D:7)
  2 oozes
  An adder skeleton (D:4)
  A worm (D:2)
  3 dart slugs (D:1)
  2 giant geckos
  33 orcs
  6 giant cockroaches
  3 goblins
  5 hobgoblins
  10 jackals
  3 quokkas
  A ball python (D:4)
  7 bats
  7 giant newts
  3 jackal skeletons
  16 kobolds
  2 quokka zombies
  14 rats
203 creatures vanquished.

Vanquished Creatures (others)
  A quokka (D:7)
1 creature vanquished.

Grand Total: 204 creatures vanquished

Notes
Turn   | Place    | Note
--------------------------------------------------------------
     0 | D:1      | untiedstates the Human Gladiator began the quest for the Orb.
     0 | D:1      | Reached XP level 1. HP: 16/16 MP: 1/1
   167 | D:1      | Reached XP level 2. HP: 22/22 MP: 2/2
   205 | D:1      | Reached skill level 1 in Shields
   521 | D:1      | Reached XP level 3. HP: 27/27 MP: 3/3
  1265 | D:2      | Reached skill level 4 in Long Blades
  1265 | D:2      | Reached XP level 4. HP: 22/33 MP: 4/4
  1661 | D:2      | Noticed Terence
  1727 | D:2      | Killed Terence
  2074 | D:2      | Reached XP level 5. HP: 23/38 MP: 5/5
  2837 | D:3      | Found an oddly glowing altar of Pakellas.
  3024 | D:3      | Reached skill level 5 in Long Blades
  3229 | D:4      | Reached XP level 6. HP: 33/44 MP: 6/6
  3597 | D:4      | Reached skill level 6 in Long Blades
  3784 | D:4      | Reached XP level 7. HP: 46/50 MP: 7/7
  4385 | D:4      | Reached skill level 7 in Long Blades
  4385 | D:4      | Reached skill level 1 in Armour
  4691 | D:5      | Entered Level 5 of the Dungeon
  4746 | D:5      | Reached XP level 8. HP: 53/56 MP: 8/8
  5656 | D:6      | Got a translucent bronze ring
  5727 | D:6      | Found a glowing golden altar of the Shining One.
  6207 | D:6      | Found a staircase to the Ecumenical Temple.
  6216 | Temple   | Entered the Ecumenical Temple
  6227 | Temple   | Became a worshipper of Warmaster Okawaru
  6368 | D:6      | Reached skill level 8 in Long Blades
  6855 | D:7      | Found a bloodstained altar of Trog.
  6961 | D:7      | Reached * piety under Okawaru
  6961 | D:7      | Reached skill level 9 in Long Blades
  7182 | D:7      | Reached XP level 9. HP: 35/61 MP: 4/9
  7198 | D:7      | Found a radiant altar of Vehumet.
  7896 | D:7      | Found a white marble altar of Elyvilon.
  8195 | D:7      | Found a burning altar of Makhleb.
  8211 | D:7      | Reached skill level 10 in Long Blades
  8214 | D:7      | Reached skill level 5 in Armour
  8254 | D:7      | Identified the ring of the Moon {rPois rF- Str+3 SInv} (You found it on level 6 of the Dungeon)
  8276 | D:7      | Reached ** piety under Okawaru
  9364 | D:9      | Noticed a troll
  9373 | D:9      | Killed a troll
  9373 | D:9      | Reached skill level 11 in Long Blades
  9373 | D:9      | Reached XP level 10. HP: 43/70 MP: 6/10
  9809 | D:9      | HP: 2/72 [yak (7)]
  9811 | D:9      | Slain by a yak

Vault maps used:
D:1:      dpeg_arrival_brainrot
D:2:      minmay_bisected, uniq_terence
D:3:      lemuel_crystal_altar, kennysheep_generic_room_2
D:5:      first_bread, minmay_strange_pillars, solitary_fountain
D:6:      lemuel_round_altar, temple_hall
D:7:      demons_altar, lemuel_doored_altar, kennysheep_mini_moat,
          serial_undead, serial_undead_a, serial_undead_a, serial_undead_a,
          serial_undead_f, serial_undead_c, serial_undead_b, elyvilon_altar_4
Temple:   nicolae_temple_no_exploring_needed

Skill      XL: |  1  2  3  4  5  6  7  8  9 10 |
---------------+-------------------------------+-----
Shields        | 1 2 3 4 |  4.0
Long Blades    | 4 5 6 7 9 11 | 11.6
Armour         | 1 4 5 |  5.2
Fighting       | 3 4 |  4.2
Throwing       | |  2.0
Dodging        | |  3.0

Action                   |  1- 3 |  4- 6 |  7- 9 | 10-12 || total
-------------------------+-------+-------+-------+-------++-------
Melee: Long sword        |   103 |   218 |   526 |   100 ||   947
Throw: Throwing net      |       |       |     6 |       ||     6
Invok: Heroism           |       |       |     1 |       ||     1
Evoke: Wand              |       |       |     4 |       ||     4
  Use: Scroll            |     1 |     3 |    13 |       ||    17
       Potion            |       |       |     5 |       ||     5
 Stab: Held in net/web   |       |       |     2 |       ||     2
  Eat: Chunk             |     1 |     9 |    12 |     2 ||    24
       Meat ration       |       |       |     1 |       ||     1
       Pizza             |       |       |     1 |       ||     1
Armor: Leather armour    |    31 |    40 |       |       ||    71
       Ring mail         |       |    16 |   151 |    19 ||   186
Dodge: Dodged            |    88 |   138 |   266 |    40 ||   532
Block: Buckler           |       |     9 |   150 |    26 ||   185
